 Dungeon Crawl Stone Soup version 0.28-a0-691-gad6df49e81 (webtiles) character file.

Game seed: 4550356655374683776

25 ytrimaz the Conjurer (level 3, -8/21 HPs)
             Began as an Octopode Conjurer on Oct 21, 2021.
             Mangled by Natasha (9 damage)
             ... on level 1 of the Dungeon.
             The game lasted 00:01:49 (1267 turns).

ytrimaz the Conjurer (Octopode Conjurer)            Turns: 1267, Time: 00:01:50

Health: -8/21      AC:  1    Str:  6    XL:     3   Next: 6%
Magic:  5/6        EV: 13    Int: 21    God:
Gold:   13         SH:  0    Dex: 10    Spells: 5/6 levels left

rFire   . . .      SeeInvis .   (no weapon)
rCold   . . .      Faith    .   (no shield)
rNeg    . . .      Spirit   .   (helmet restricted)
rPois   .          Reflect  .   (no amulet)
rElec   .          Harm     .   (no ring)
rCorr   .          Rampage  .   (no ring)
Will    .....                   (no ring)
Stlth   +++.......              (no ring)
HPRegen 0.07/turn               (no ring)
MPRegen 0.10/turn               (no ring)
                                (no ring)
                                (no ring)

@: no status effects
A: almost no armour, amphibious, 8 rings, camouflage 1, gelatinous body 1,
(nimble swimmer 1), tentacles
a: no special abilities


You were on level 1 of the Dungeon.
You visited 1 branch of the dungeon, and saw 2 of its levels.

You collected 13 gold pieces.

Inventory:

Scrolls
 b - a scroll of identify


   Skills:
 - Level 2.0 Dodging
 - Level 2.6 Stealth
 + Level 2.1 Spellcasting
 + Level 4.8 Conjurations


You had 5 spell levels left.
You knew the following spells:

 Your Spells              Type           Power      Damage    Failure   Level
a - Magic Dart            Conj           88%        1d7       1%          1

Your spell library contained the following spells:

 Spells                   Type           Power      Damage    Failure   Level
 Searing Ray              Conj           44%        2d6       3%          2
 Dazzling Flash           Conj/Hex       24%        N/A       16%         3
 Ensorcelled Hibernation  Hex/Ice        4%         N/A       22%         2
 Tukima's Dance           Hex            2%         N/A       41%         3
 Fulminant Prism          Conj/Hex       6%         3d7       47%         4
 Iskenderun's Mystic Bla  Conj/Tloc      12%        2d5       47%         4


Dungeon Overview and Level Annotations

Branches:
Dungeon (2/15)

Altars:

Annotations:
D:1 Natasha


Innate Abilities, Weirdness & Mutations

You cannot wear most types of armour.
You are amphibious.
You can wear up to eight rings at the same time.
Your skin changes colour to match your surroundings (Stealth+).
Your rubbery body absorbs attacks. (AC +1, EV +1)
((You are camouflaged near water. (Stealth+)))
You have tentacles for arms and can constrict up to eight enemies at once.


Message History

You resist with significant effort. The shadow imp puffs mist at you.
The shadow imp shouts, "Run away, thou horrid toad-spotted bandersnitch!"
Natasha mumbles some strange words.
You feel disoriented.
Natasha mumbles some strange words.
You feel disoriented.
Natasha mewls in sadness.
Natasha claws you!
* * * LOW HITPOINT WARNING * * *
Natasha no longer looks unusually strong.
The shadow imp shouts, "Out, out, thou baffled moon-mazed flirt-gill!"
You aren't carrying any potions.
The shadow imp disappears in a puff of smoke!
Natasha growls.
As you read the scroll labelled REROGY WIPLO, it crumbles to dust.
It is a scroll of amnesia.
Really abort (and waste the scroll)?
Okay, then.
Natasha closely misses you.
You aren't carrying any potions.
As you read the scroll labelled YMULYFREPEWN, it crumbles to dust.
It is a scroll of identify.
c - a scroll of fear Natasha barely misses you.
As you read the scroll of fear, it crumbles to dust.
You assume a fearsome visage.
Natasha resists with some effort.
Natasha closely misses you.
Unknown command.
As you read the scroll labelled ENOOD VUUMIACIYS, it crumbles to dust.
It is a scroll of brand weapon.
You aren't carrying any weapons that can be branded.
Natasha extends her claws.
Natasha claws you.
* * * LOW HITPOINT WARNING * * *
Unknown command.
Natasha hisses.
Natasha barely misses you. Natasha claws you!
You die...

## #. ############### #. ####
#.............# #. ...#
#.............# #. ...###
#.............# #.
.....#####.............#########.
................@h...............
####.#####.............#######...
...#.#####.......).....# #...
#.##....##.............# #...
#.#####.##.........##### #...
#.#.....#########.## #...
#.#.......# #...###### #...
..####.#### ##.#......##########
##.....#######...................


You could see Natasha.

Vanquished Creatures
  A dart slug (D:1)
  4 bats
  3 endoplasms (D:1)
  A giant cockroach (D:2)
  3 goblins
  A hobgoblin (D:2)
  4 ball pythons (D:1)
  2 kobolds (D:1)
  3 rats (D:1)
22 creatures vanquished.

Notes
Turn   | Place    | Note
-------+----------+-------------------------------------------
     0 | D:1      | ytrimaz the Octopode Conjurer began the quest for the Orb.
     0 | D:1      | Reached XP level 1. HP: 11/11 MP: 3/3
   325 | D:1      | Reached XP level 2. HP: 16/17 MP: 3/5
   961 | D:1      | Reached XP level 3. HP: 15/21 MP: 2/6
  1221 | D:2      | Noticed Natasha
  1259 | D:1      | HP: 1/21 [Natasha (4)]
  1267 | D:1      | Mangled by Natasha

Illustrated notes

Levels and vault maps discovered:
D:1:      dpeg_arrival_concentric_ovals, layout_basic
D:2:      layout_basic, hellmonk_ecumenical_altar_zigzags, uniq_natasha

Action                   || total
-------------------------++-------
Melee: Unarmed           ||    14
       Constrict         ||     7
       Tentacles         ||     1
 Cast: Magic Dart        ||    38
  Use: Scroll            ||     4
Armor: Skin              ||     2
Dodge: Dodged            ||    24

Table legend: (Time is in decaauts)
 A = Elapsed time spent in this place.
 B = Non-inter-level travel time spent in this place.
 C = Inter-level travel time spent in this place.
 D = Time resting spent in this place.
 E = Time spent auto-exploring this place.
 F = Levels seen in this place.
 G = Mean time per level.
                   A        B        C        D        E       F      G
               +--------+--------+--------+--------+--------+-----+--------+
         Total |   1269 |   1188 |     81 |    181 |    843 |   2 |  634.5 |
       Dungeon |   1269 |   1188 |     81 |    181 |    843 |   2 |  634.5 |
               +--------+--------+--------+--------+--------+-----+--------+

Top non-repeatable levels by time:
     D:1: 1232 daAuts
     D:2: 36 daAuts
